[Event "Early-Titled-Tuesday-Blitz-January-30-2024"]
[Site "Chess.com"]
[Date "2024.01.30"]
[Round "4"]
[White "Laico"]
[Black "Klavdia_Nik"]
[Result "1-0"]
[WhiteElo "2351"]
[BlackElo "2130"]
[TimeControl "180+1"]
[EndTime "8:40:22 PST"]
[Termination "Laico won on time"]

1. e4 d6 2. d4 g6 3. Nc3 Bg7 4. Nf3 c6 5. a4 a5 6. Be3 Nf6 7. h3 Na6 8. Be2 Nb4 9. Nd2 O-O 10. Ncb1 e5 11. c3 exd4 12. Bxd4 Na6 13. O-O d5 14. e5 Nd7 15. f4 Ndc5 16. b4 Ne6 17. b5 c5 18. Bf2 Nac7 19. g3 b6 20. Bf3 Bb7 21. Na3 Re8 22. Ndc4 Rb8 23. Nxb6 d4 24. Bxb7 Rxb7 25. Nbc4 Nd5 26. Nd6 Nxc3 27. Nxb7 Qd5 28. Qd3 Qxb7 29. Nc4 Rd8 30. Nxa5 Qd5 31. Nc6 Bf8 32.
Nxd8 Qxd8 33. Qf3 1-0

[Event "Early-Titled-Tuesday-Blitz-January-30-2024"]
[Site "Chess.com"]
[Date "2024.01.30"]
[Round "4"]
[White "Trojan-Knight"]
[Black "yjjga"]
[Result "0-1"]
[WhiteElo "2666"]
[BlackElo "2483"]
[TimeControl "180+1"]
[EndTime "8:40:23 PST"]
[Termination "yjjga won by resignation"]

1. d4 d5 2. c4 c6 3. Nc3 Nf6 4. Nf3 e6 5. Bg5 Nbd7 6. e3 Qa5 7. cxd5 Nxd5 8. Qd2 Bb4 9. Rc1 Nxc3 10. bxc3 Ba3 11. Rb1 c5 12. c4 Bb4 13. Rxb4 Qxb4 14.
Qxb4 cxb4 15. Bd3 O-O 16. Kd2 a5 17. Rb1 Re8 18. h4 e5 19. Bc2 f6 20. h5 fxg5 21.
Nxg5 Nf6 22. dxe5 Rxe5 23. f4 Rc5 24. e4 h6 25. Nf3 Bg4 26. e5 Rd8+ 27. Ke3 Nxh5 28.
Nd4 g5 29. g3 Nxg3 30. Nb5 Nf5+ 31. Bxf5 Bxf5 32. Rg1 Rd3+ 33. Ke2 Rxc4 34. fxg5 Rc2+ 35. Ke1 h5 0-1

[Event "Early-Titled-Tuesday-Blitz-January-30-2024"]
[Site "Chess.com"]
[Date "2024.01.30"]
[Round "4"]
[White "iwanyu"]
[Black "GMWSO"]
[Result "0-1"]
[WhiteElo "2840"]
[BlackElo "3140"]
[TimeControl "180+1"]
[EndTime "8:40:24 PST"]
[Termination "GMWSO won on time"]

1. d4 Nf6 2. c4 e6 3. Nf3 d5 4. g3 dxc4 5. Bg2 Nbd7 6. O-O c6 7. a4 b6 8. Nfd2 Ba6 9. Bxc6 Rc8 10. Bb5 Bb7 11. Nc3 h5 12. e4 h4 13. Qe2 hxg3 14. fxg3 Bb4 15. Bxc4 Qe7 16. e5 Nxe5 17. Qxe5 Rxh2 18.
Nf3 Bd6 19. Qg5 Rh5 20. Bb5+ Kf8 21. Qe3 Bxg3 22. Kg2 Bd6 23. Rh1 Rxh1 24. Kxh1 Ng4 25. Qg5 Bxf3+ 26. Kg1 Bh2+ 27. Kf1 Qd6 28. b3 Qg3 29.
Ba3+ Kg8 0-1

[Event "Early-Titled-Tuesday-Blitz-January-30-2024"]
[Site "Chess.com"]
[Date "2024.01.30"]
[Round "4"]
[White "FontVella8"]
[Black "tetrix83"]
[Result "1-0"]
[WhiteElo "2769"]
[BlackElo "2562"]
[TimeControl "180+1"]
[EndTime "8:40:24 PST"]
[Termination "FontVella8 won by checkmate"]

1. Nf3 Nf6 2. b3 g6 3. Bb2 Bg7 4. g3 O-O 5. Bg2 d6 6. O-O e5 7. c4 Re8 8. Qc2 a5 9. a3 e4 10.
Nd4 c5 11. Nb5 Bf5 12. Qc1 Nc6 13. N1c3 h5 14. f3 exf3 15. Bxf3 Bh3 16. Rf2 Ng4 17. Bxg4 Bxg4 18. Nd5 Ne5 19. d4 cxd4 20. Bxd4 Rc8 21. Qf4 f5 22. Rd1 a4 23. Bb6 Qd7 24. Qg5 Re6 25.
Nbc7 Nf7 26. Qd2 Re4 27. bxa4 Rxc4 28. Rc1 Ne5 29. Rff1 Re4 30. Qg5 Kh7 31. Nf6+ Bxf6 32. Qxf6 Bxe2 33. Rf2 Nd3 34. Rxe2 Rxe2 35. Bd4 Nxc1 36.
Nd5 Nd3 37. Nc3 Rxc3 38. Qh8# 1-0

[Event "Early-Titled-Tuesday-Blitz-January-30-2024"]
[Site "Chess.com"]
[Date "2024.01.30"]
[Round "4"]
[White "ProChessWICTH"]
[Black "Sethu0025"]
[Result "0-1"]
[WhiteElo "2538"]
[BlackElo "2856"]
[TimeControl "180+1"]
[EndTime "8:40:26 PST"]
[Termination "Sethu0025 won by resignation"]

1. e4 c5 2. Nf3 e6 3. c3 d5 4. exd5 Qxd5 5. Na3 Nf6 6. d4 Nc6 7. Nb5 Qd8 8. dxc5 Bxc5 9. Qxd8+ Kxd8 10. Bg5 a6 11. O-O-O+ Ke7 12. Nbd4 Bd7 13. Nxc6+ Bxc6 14. Ne5 Bxf2 15. Nxc6+ bxc6 16. Bc4 h6 17. Bxf6+ gxf6 18. Kc2 a5 19. Rhf1 Bc5 20. Be2 h5 21. Bf3 Rac8 22.
Rd3 h4 23. h3 f5 24. Re1 Rc7 25. Re5 Bb6 26. b4 Kf6 27. Re2 axb4 28. cxb4 c5 29.
b5 c4 30. Rd6 Rb8 31. a4 Ra7 32. Bc6 Rxa4 33. Rd7 Ra2+ 34. Kd1 Ra1+ 35. Kd2 f4 36. Re4 Be3+ 37. Ke2 Ra2+ 38. Kf3 Rf2+ 39. Kg4 Rxg2+ 40. Kf3 Rf2+ 41. Kg4 Rg8+ 42. Kxh4 Rfg2 43. Rd5 0-1

[Event "Early-Titled-Tuesday-Blitz-January-30-2024"]
[Site "Chess.com"]
[Date "2024.01.30"]
[Round "4"]
[White "GaiozNigalidze"]
[Black "Noki102"]
[Result "1-0"]
[WhiteElo "2705"]
[BlackElo "2484"]
[TimeControl "180+1"]
[EndTime "8:40:28 PST"]
[Termination "GaiozNigalidze won by resignation"]

1. d4 d5 2. c4 e6 3. Nf3 Nf6 4. Nc3 Bb4 5. cxd5 exd5 6. Bg5 O-O 7. e3 h6 8. Bh4 Be6 9. Bd3 Nbd7 10. O-O c6 11.
Qb3 Qb6 12. Na4 Qa5 13. Rac1 b5 14. Nc3 c5 15. Bxb5 c4 16. Qa4 Nb6 17. Qxa5 Bxa5 18. Ne5 a6 19. Bc6 Rab8 20. b3 Bxc3 21. Rxc3 Ne4 22. Rcc1 f6 23. Ng6 Rf7 24. bxc4 Bf5 25. c5 Nc4 26. Bxd5 Bxg6 27. Bxc4 1-0

[Event "Early-Titled-Tuesday-Blitz-January-30-2024"]
[Site "Chess.com"]
[Date "2024.01.30"]
[Round "4"]
[White "Defend1r"]
[Black "bancsoo"]
[Result "0-1"]
[WhiteElo "2531"]
[BlackElo "2803"]
[TimeControl "180+1"]
[EndTime "8:40:28 PST"]
[Termination "bancsoo won by resignation"]

1. e4 c5 2. Nf3 Nc6 3. Bb5 e6 4.
O-O Nge7 5. b3 a6 6. Be2 e5 7.
c4 Ng6 8. Nc3 Be7 9. Nd5 d6 10.
d3 O-O 11. Ne1 f5 12. exf5 Bxf5 13. g3 Nd4 14. Be3 Bg5 15. Bxd4 cxd4 16. Bg4 Ne7 17. Nxe7+ Qxe7 18. Bxf5 Rxf5 19. Ng2 Raf8 20. Qe2 Qf7 21. a4 h5 22. h4 Bh6 23. Ra2 Qg6 24. Qe4 R8f7 25. a5 Kh8 26. b4 Qe6 27. b5 axb5 28. Rb2 bxc4 29. Rxb7 d5 30. Rb8+ Kh7 31. Qe2 c3 32. Ra1 Rxf2 33. Qxh5 Qh3 0-1

[Event "Early-Titled-Tuesday-Blitz-January-30-2024"]
[Site "Chess.com"]
[Date "2024.01.30"]
[Round "4"]
[White "GAusal"]
[Black "AttilaTurzo"]
[Result "1/2-1/2"]
[WhiteElo "2275"]
[BlackElo "2500"]
[TimeControl "180+1"]
[EndTime "8:40:28 PST"]
[Termination "Game drawn by repetition"]

1. e4 c5 2. Nf3 Nc6 3. d4 cxd4 4. Nxd4 Nf6 5. Nc3 d6 6. Be3 Ng4 7. Bg5 h6 8. Nxc6 bxc6 9. Bd2 e5 10. Bc4 Be7 11. h3 Nf6 12. Qe2 Qb6 13. Bb3 Ba6 14.
Qf3 Bc8 15. O-O-O Be6 16. Kb1 a5 17. g4 Nd7 18. h4 Nc5 19. Be3 Qb4 20. a3 Qb7 21.
Bxc5 dxc5 22. Bxe6 fxe6 23. g5 c4 24. Qh5+ Kf8 25.
Rhf1 Bxa3 26. Na4 Bxb2 27. Nxb2 Rb8 28. Qf3+ Kg8 29. Qc3 hxg5 30. hxg5 Rh3 31. Rd8+ Rxd8 32. Qxh3 Qb4 33. Qxe6+ Kf8 34. Qxe5 c3 35. Qf5+ Kg8 36. Qe6+ Kf8 37. Qf5+ Kg8 38. Qe6+ Kf8 39. Qf5+ 1/2-1/2

[Event "Early-Titled-Tuesday-Blitz-January-30-2024"]
[Site "Chess.com"]
[Date "2024.01.30"]
[Round "4"]
[White "Nouali_Mohamed"]
[Black "chedimir"]
[Result "0-1"]
[WhiteElo "2519"]
[BlackElo "2429"]
[TimeControl "180+1"]
[EndTime "8:40:31 PST"]
[Termination "chedimir won on time"]

1. e4 c5 2. Nf3 e6 3. d4 cxd4 4.
Nxd4 Nf6 5. Nc3 d6 6. Bc4 a6 7. Bb3 b5 8. Bg5 Nbd7 9. Bxe6 fxe6 10. Nxe6 Qb6 11. Nd5 Nxd5 12. exd5 Ne5 13. Bd8 Qb7 14. Nxf8 Kxd8 15. Ne6+ Bxe6 16. dxe6 Ke7 17. O-O Kxe6 18.
f4 Nd7 19. Qg4+ Kf7 20. Rae1 Rae8 21. Rxe8 Rxe8 22. Qh5+ Kf8 23. Qxh7 Nf6 24. Qh8+ Kf7 25. Qh3 Re2 26. a4 bxa4 27. Rd1 Qe4 28. Qg3 d5 0-1

[Event "Early-Titled-Tuesday-Blitz-January-30-2024"]
[Site "Chess.com"]
[Date "2024.01.30"]
[Round "4"]
[White "Veleamater"]
[Black "only_strong_moves"]
[Result "1-0"]
[WhiteElo "2333"]
[BlackElo "2519"]
[TimeControl "180+1"]
[EndTime "8:40:31 PST"]
[Termination "Veleamater won by resignation"]

1. g3 Nf6 2. Bg2 d5 3. d3 e6 4.
Nf3 Be7 5. O-O O-O 6. Nc3 d4 7. Nb5 Nc6 8. c3 dxc3 9. bxc3 e5 10. Ba3 a6 11. Bxe7 Qxe7 12. Qa4 Bd7 13. Nxc7 Rac8 14.
Nxa6 Nd4 15. Qb4 Nxe2+ 16. Kh1 Rfe8 17. Rfe1 Nxc3 18. Qxe7 Rxe7 19. Nb4 e4 20. Ng5 Bf5 21. dxe4 Nfxe4 22. Nxe4 Nxe4 23. f3 Nf2+ 24. Kg1 Rxe1+ 25. Rxe1 Nd3 26. Nxd3 Bxd3 27. f4 b5 28. Bd5 Kf8 29. Kf2 Rc2+ 30. Ke3 Bc4 31. Bxc4 bxc4 32. Ra1 Rxh2 33.
a4 Rh6 34. a5 Ra6 35. Kd4 Ke7 36. Kxc4 Kf6 37. Kb5 Ra8 38. a6 Kf5 39. Kb6 Kg4 40. Ra3 h5 41. Kb7 Re8 42. a7 h4 43.
gxh4 Kxf4 44. a8=Q Rxa8 45. Rxa8 Kg4 46. Rg8 Kxh4 47.
Rxg7 f5 48. Kc6 f4 49. Kd5 f3 50. Ke4 f2 51. Rf7 Kg3 52. Ke3 Kg2 53. Ke2 f1=N 54. Rxf1 1-0

[Event "Early-Titled-Tuesday-Blitz-January-30-2024"]
[Site "Chess.com"]
[Date "2024.01.30"]
[Round "4"]
[White "stollenmonster"]
[Black "mishanick"]
[Result "1-0"]
[WhiteElo "2921"]
[BlackElo "3139"]
[TimeControl "180+1"]
[EndTime "8:40:32 PST"]
[Termination "stollenmonster won by resignation"]

1. e4 c5 2. Nf3 e6 3. Be2 Nc6 4. c4 g6 5. d4 Bg7 6. d5 Nd4 7. Nc3 Ne7 8. O-O d6 9. Nxd4 cxd4 10. Nb5 e5 11. f4 a6 12. Na3 b6 13. fxe5 dxe5 14.
Bg5 O-O 15. Qd2 f6 16. Bh6 f5 17. Bxg7 Kxg7 18. exf5 Nxf5 19. Bd3 Qe7 20. Rae1 Bd7 21. Nc2 Rae8 22. b4 Qd6 23. Be4 Ba4 24. Bxf5 gxf5 25. Nxd4 exd4 26. Qxd4+ Qf6 27. Qf4 Rxe1 28. Rxe1 Re8 29.
Rxe8 Bxe8 30. h3 Bf7 31. Kh2 b5 32. Qg3+ Kh6 33. Qf4+ Kh5 34. d6 bxc4 35. d7 Be6 36. Qd6 Qd8 37. Qxe6 Qc7+ 38. g3 f4 39. Qe8+ 1-0

[Event "Early-Titled-Tuesday-Blitz-January-30-2024"]
[Site "Chess.com"]
[Date "2024.01.30"]
[Round "4"]
[White "RamonManon0g"]
[Black "GatoRojo150"]
[Result "0-1"]
[WhiteElo "2389"]
[BlackElo "2585"]
[TimeControl "180+1"]
[EndTime "8:40:32 PST"]
[Termination "GatoRojo150 won by resignation"]

1. e4 e5 2. Nf3 Nc6 3. Bc4 Nf6 4. Ng5 d5 5. exd5 Na5 6. Bb5+ c6 7. dxc6 bxc6 8.
Bd3 Ng4 9. h4 Bc5 10. O-O f5 11.
Be2 O-O 12. Bxg4 fxg4 13. g3 Bf5 14. d3 h6 15. b4 hxg5 16. bxc5 gxh4 17. Be3 h3 18.
Nc3 Qd7 19. Ne4 Bxe4 20. dxe4 Qe6 21. Qd6 Qf7 22. Kh2 Nc4 23. Qxc6 Qf3 24. Qe6+ Kh8 25.
Rg1 Nxe3 26. fxe3 Qe2+ 27. Kh1 Rf2 0-1

[Event "Early-Titled-Tuesday-Blitz-January-30-2024"]
[Site "Chess.com"]
[Date "2024.01.30"]
[Round "4"]
[White "Baronessa08"]
[Black "Der_Balak_3Halak"]
[Result "0-1"]
[WhiteElo "2523"]
[BlackElo "2347"]
[TimeControl "180+1"]
[EndTime "8:40:32 PST"]
[Termination "Der_Balak_3Halak won by resignation"]

1. c4 e6 2. Nc3 d5 3. d4 Nf6 4. cxd5 exd5 5. Bg5 Be7 6. e3 h6 7. Bh4 O-O 8. Bd3 c6 9. Nge2 Bg4 10. f3 Be6 11. O-O Qd7 12. Rc1 Ne4 13. fxe4 Bxh4 14. e5 Bg5 15. Nf4 Bxf4 16. Rxf4 c5 17. Bc2 Nc6 18.
Qd3 g6 19. Rf6 Bf5 20. Qd1 Bxc2 21. Rxc2 Rad8 22. Rd6 Qf5 23. Nxd5 Rxd6 24. Ne7+ Nxe7 25. exd6 Nd5 26. Rxc5 Nxe3 27. Qe1 Qe4 28. Qg3 Re8 29. Re5 Qb1+ 30. Kf2 Nd1+ 31. Ke2 Qc2+ 32. Ke1 Rxe5+ 33. dxe5 Nxb2 34. d7 Nd3+ 35. Kf1 Qd1+ 0-1

[Event "Early-Titled-Tuesday-Blitz-January-30-2024"]
[Site "Chess.com"]
[Date "2024.01.30"]
[Round "4"]
[White "tusplingher"]
[Black "olawsson"]
[Result "0-1"]
[WhiteElo "2464"]
[BlackElo "2188"]
[TimeControl "180+1"]
[EndTime "8:40:32 PST"]
[Termination "olawsson won by checkmate"]

1. e4 c5 2. Nf3 a6 3. c4 Nc6 4. d4 cxd4 5. Nxd4 Nf6 6. Nc3 e5 7. Nf5 d5 8. cxd5 Nxe4 9. dxc6 Qxd1+ 10. Nxd1 Bb4+ 11. Ke2 Bxf5 12. cxb7 Rb8 13. Ne3 Be6 14. f3 Nd6 15. Kf2 O-O 16. Bxa6 f5 17. Rd1 f4 18.
Nd5 Bc5+ 19. Kf1 Nxb7 20. Bc4 Kf7 21. Bd2 Nd6 22. b3 Nxc4 23. bxc4 Rb2 24. a4 Rfb8 25.
a5 R8b3 26. a6 Ba7 27. Be1 Rxf3+ 28. gxf3 Bh3# 0-1

[Event "Early-Titled-Tuesday-Blitz-January-30-2024"]
[Site "Chess.com"]
[Date "2024.01.30"]
[Round "4"]
[White "garfield_pg"]
[Black "AlexTruskavetsky"]
[Result "0-1"]
[WhiteElo "2462"]
[BlackElo "2693"]
[TimeControl "180+1"]
[EndTime "8:40:33 PST"]
[Termination "AlexTruskavetsky won on time"]

1. d4 Nf6 2. Bf4 c5 3. dxc5 Na6 4. Qd4 Qa5+ 5. c3 Qxc5 6. e3 d6 7. Bxa6 bxa6 8. Qxc5 dxc5 9. Nd2 Bb7 10. f3 e6 11. e4 Rc8 12. Nc4 Nd7 13. Ne2 f6 14. O-O-O Nb6 15. Na5 Ba8 16. Bd6 Kf7 17. Ng3 Bxd6 18.
Rxd6 Rhd8 19. Rhd1 Rxd6 20. Rxd6 Ke7 21. Rd2 h5 22. Nxh5 Rh8 23. g4 g6 24. Nf4 Rg8 25.
h4 g5 26. hxg5 fxg5 27. Nh5 Rf8 28. Rd3 Nd7 29. Nc4 Bc6 30. Re3 Bb5 31. Nd2 Ne5 32. b3 Be8 33. Ng3 Rh8 34. Nc4 Ng6 35.
Nh5 Nh4 36. e5 Bxh5 37. gxh5 Rxh5 38. Kb2 Nf5 39. Rd3 Rh3 40. Nd6 Nh4 41. Nb7 Kf7 42. Nxc5 Rxf3 43. Rd7+ Kg6 44. Rd6 Rf2+ 45. Ka3 Nf5 46.
Rxe6+ Kh5 47. Rxa6 g4 48. e6 g3 49. Ne4 Re2 50. Ra5 Kg4 51. Nf6+ Kg5 52. Nh7+ Kg6 53. Nf8+ Kf6 54. Nh7+ Kxe6 55. Ng5+ Kf6 56. Nh7+ Kg6 57. Nf8+ Kg5 58. Nh7+ Kf4 59. Nf6 g2 60. Nd5+ Kg5 0-1

[Event "Early-Titled-Tuesday-Blitz-January-30-2024"]
[Site "Chess.com"]
[Date "2024.01.30"]
[Round "4"]
[White "Caroexpert"]
[Black "stepanosinovsky"]
[Result "0-1"]
[WhiteElo "2560"]
[BlackElo "2391"]
[TimeControl "180+1"]
[EndTime "8:40:33 PST"]
[Termination "stepanosinovsky won on time"]

1. Nf3 Nf6 2. e3 g6 3. c4 Bg7 4. Nc3 O-O 5. Be2 d6 6. d4 Nbd7 7. O-O e5 8. Qc2 Re8 9. dxe5 dxe5 10. Rd1 Qe7 11. Nd5 Nxd5 12. cxd5 e4 13. Nd4 Be5 14. b3 Nf6 15. g3 Nxd5 16. Bb2 Bg7 17. Rac1 c6 18.
Bc4 Bg4 19. Rd2 Nb6 20. Bf1 Rad8 21. a4 Nd5 22. Bg2 Nb4 23. Qc4 Nd3 24. Rxd3 exd3 25.
Bc3 c5 26. Nf3 Bxc3 27. Qxc3 Bxf3 28. Bxf3 b6 29. Rd1 Qd6 30. Rd2 a6 31. Qc4 Qf6 32.
Qxa6 Qxf3 0-1

[Event "Early-Titled-Tuesday-Blitz-January-30-2024"]
[Site "Chess.com"]
[Date "2024.01.30"]
[Round "4"]
[White "santosalberto1987"]
[Black "invisible_s0ul"]
[Result "1-0"]
[WhiteElo "2518"]
[BlackElo "2238"]
[TimeControl "180+1"]
[EndTime "8:40:33 PST"]
[Termination "santosalberto1987 won on time"]

1. e4 c5 2. Nf3 Nc6 3. d4 cxd4 4. Nxd4 Nf6 5. Nc3 e6 6. Ndb5 Bb4 7. Bf4 e5 8. Bg5 O-O 9. a3 Be7 10. Nd6 Bxd6 11. Qxd6 Qb6 12. O-O-O Ne8 13. Qd2 f6 14. Bc4+ Kh8 15. Be3 Qd8 16. Nb5 a6 17. Nd6 Nxd6 18. Qxd6 b5 19. Bb3 Qe7 20. Qxe7 Nxe7 21. Bc5 Re8 22.
Bf7 Rf8 23. Bd5 Nxd5 24. Bxf8 Nf4 25. g3 Ne6 26. Bb4 Bb7 27. f3 Nd4 28. Rhf1 Rc8 29. c3 d5 30. exd5 Bxd5 31. Kb1 Bc4 32. cxd4 Bxf1 33. Rxf1 exd4 34. Rd1 Rd8 35. Kc2 Kg8 36. Kd3 Kf7 37. Re1 f5 38. Re7+ Kf6 39. Ra7 Re8 40. Rxa6+ Kg5 41. Kxd4 Re2 42. Bc3 Rxh2 43. Rb6 h5 44.
Rxb5 Rg2 45. a4 Rxg3 46. a5 Rxf3 47. a6 Rf1 48. a7 Rd1+ 49. Ke3 Rd8 50. Rb8 f4+ 51. Kf2 1-0

[Event "Early-Titled-Tuesday-Blitz-January-30-2024"]
[Site "Chess.com"]
[Date "2024.01.30"]
[Round "4"]
[White "Let_it_be_1"]
[Black "1977Ivan"]
[Result "0-1"]
[WhiteElo "2571"]
[BlackElo "2799"]
[TimeControl "180+1"]
[EndTime "8:40:34 PST"]
[Termination "1977Ivan won by resignation"]

1. e4 e5 2. Nf3 Nc6 3. Bb5 a6 4.
Ba4 Nf6 5. d4 exd4 6. O-O Be7 7.
e5 Ne4 8. Nxd4 O-O 9. Nf5 d5 10. Nxe7+ Nxe7 11. c3 Nc5 12. Bc2 Bf5 13. Be3 Bxc2 14.
Qxc2 Ne6 15. Nd2 c5 16. Nb3 b6 17. f4 g6 18. g4 d4 19. Rad1 Nd5 20. Bc1 Qh4 21. Qg2 Ne3 22. Bxe3 dxe3 23. Rde1 Nxf4 24. Qf3 e2 25. Qxf4 exf1=Q+ 26. Rxf1 Rad8 27. Nd2 h5 28. Nc4 Qxg4+ 29. Qxg4 hxg4 30. Nxb6 Rd2 31. Nc4 Re2 32. Rf2 Re4 33. b3 Rd8 34. Kg2 Rd3 35.
Rc2 Kg7 36. a4 g3 37. hxg3 Rg4 38. Kf1 Rgxg3 39. b4 Rxc3 40. Rxc3 Rxc3 0-1

[Event "Early-Titled-Tuesday-Blitz-January-30-2024"]
[Site "Chess.com"]
[Date "2024.01.30"]
[Round "4"]
[White "Zheenbekov86"]
[Black "josmito10"]
[Result "0-1"]
[WhiteElo "2444"]
[BlackElo "2766"]
[TimeControl "180+1"]
[EndTime "8:40:34 PST"]
[Termination "josmito10 won by checkmate"]

1. d4 e6 2. Nf3 Nf6 3. c4 d5 4. g3 dxc4 5. Bg2 a6 6. O-O b5 7.
Ne5 Ra7 8. a4 Bb7 9. axb5 Bxg2 10. Kxg2 h5 11. h4 Qd5+ 12. Kg1 Qxb5 13. Nc3 Qb3 14. Qd2 Bb4 15. e3 g5 16. hxg5 Ne4 17.
Qe2 Bxc3 18. Ra3 Qb7 19. bxc3 Nxg5 20. e4 Qxe4 21. Re1 Qxe2 22. Rxe2 Rg8 23. Nxc4 h4 24. Kg2 h3+ 25. Kh2 Nf3+ 26. Kh1 Rb7 27. Ra1 Nd7 28. Bf4 Nf6 29. Re3 Ng5 30. Rxa6 Rb1+ 31. Kh2 Ng4# 0-1

[Event "Early-Titled-Tuesday-Blitz-January-30-2024"]
[Site "Chess.com"]
[Date "2024.01.30"]
[Round "4"]
[White "Preobrazhenska_D2011"]
[Black "masnyszachistaaa"]
[Result "1-0"]
[WhiteElo "2384"]
[BlackElo "2538"]
[TimeControl "180+1"]
[EndTime "8:40:35 PST"]
[Termination "Preobrazhenska_D2011 won by checkmate"]

1. e4 c5 2. Nf3 Nc6 3. Bb5 g6 4. Bxc6 bxc6 5. O-O Bg7 6. Re1 e5 7. c3 d6 8. h3 Ne7 9. d4 cxd4 10. cxd4 exd4 11.
Nxd4 O-O 12. Nc3 Bb7 13. Bg5 Re8 14. Qd2 Qb6 15. Rad1 d5 16. e5 c5 17. Nf3 d4 18.
Ne4 Bxe4 19. Rxe4 Nd5 20. Bh6 Bh8 21. Rde1 Rab8 22. b3 Nc3 23. Rh4 Nd5 24. Ng5 Ne7 25.
Nxh7 Kxh7 26. Bf8+ Kg8 27. Rxh8+ Kxh8 28. Qh6+ Kg8 29. Qg7# 1-0

[Event "Early-Titled-Tuesday-Blitz-January-30-2024"]
[Site "Chess.com"]
[Date "2024.01.30"]
[Round "4"]
[White "lularobs"]
[Black "Giorno"]
[Result "0-1"]
[WhiteElo "1569"]
[BlackElo "2535"]
[TimeControl "180+1"]
[EndTime "8:40:35 PST"]
[Termination "Giorno won by checkmate"]

1. e4 g6 2. Nf3 Bg7 3. d4 d6 4.
c3 Nd7 5. h4 h6 6. Bd3 e6 7. Be3 b6 8. Nbd2 Bb7 9. Qc2 Ne7 10.
O-O-O a5 11. g4 a4 12. a3 Ba6 13. Nc4 d5 14. exd5 Nxd5 15. Bd2 Bxc4 16. Bxc4 c6 17. Rde1 b5 18. Bd3 O-O 19. Ne5 Nxe5 20. dxe5 Rb8 21. f4 c5 22. f5 b4 23. c4 bxa3 24.
bxa3 Qb6 25. cxd5 c4 26. Be4 Bxe5 27. fxg6 c3 28. Bxc3 Rfc8 29. gxf7+ Kf8 30. Re3 Qxe3+ 31. Kd1 Rxc3 32. Qxc3 Bxc3 33. dxe6 Qd2# 0-1

[Event "Early-Titled-Tuesday-Blitz-January-30-2024"]
[Site "Chess.com"]
[Date "2024.01.30"]
[Round "4"]
[White "chito89"]
[Black "LiemLe"]
[Result "1-0"]
[WhiteElo "2906"]
[BlackElo "3088"]
[TimeControl "180+1"]
[EndTime "8:40:36 PST"]
[Termination "chito89 won on time"]

1. e4 c5 2. Nf3 Nc6 3. Bb5 g6 4.
O-O Bg7 5. Re1 e5 6. d3 Nge7 7. Nc3 O-O 8. a3 h6 9. Bc4 d6 10. h3 Kh8 11. b4 f5 12. bxc5 dxc5 13. Nd5 Be6 14. Nxe7 Qxe7 15. Bxe6 Qxe6 16. exf5 gxf5 17.
Bb2 Rae8 18. Nxe5 Bxe5 19. Bxe5+ Nxe5 20. f4 Qd5 21. fxe5 Rg8 22. Qd2 Rg6 23. Kh1 Rxe5 24.
Rxe5 Qxe5 25. Re1 Qg3 26. Re2 Kh7 27. Qa5 f4 28. Qxc5 Rf6 29. Qc7+ Kg6 30. Re7 Qf2 31. Rg7+ Kf5 32. Qd7+ Ke5 33. Re7+ 1-0

[Event "Early-Titled-Tuesday-Blitz-January-30-2024"]
[Site "Chess.com"]
[Date "2024.01.30"]
[Round "4"]
[White "biostatistician"]
[Black "chessdjw"]
[Result "1-0"]
[WhiteElo "2566"]
[BlackElo "2731"]
[TimeControl "180+1"]
[EndTime "8:40:36 PST"]
[Termination "biostatistician won by resignation"]

1. d4 Nf6 2. Nf3 b6 3. c4 Bb7 4.
Nc3 e6 5. Bg5 Bb4 6. Nd2 h6 7.
Bh4 Bxc3 8. bxc3 d6 9. f3 Nbd7 10. e4 Qe7 11. Bd3 g5 12. Bf2 O-O-O 13. a4 a5 14. Rb1 Nh5 15. g3 f5 16. O-O f4 17.
Qe2 Rdf8 18. c5 dxc5 19. Ba6 g4 20. fxg4 fxg3 21. hxg3 Nhf6 22. Bxb7+ Kxb7 23. Nc4 Ra8 24. Rb5 Rhg8 25. Rfb1 Kc8 26. dxc5 Nxc5 27. Bxc5 bxc5 28. Rxa5 Rxa5 29. Nxa5 Qd6 30. e5 Qd5 31. exf6 Rf8 32. Qa6+ Kd7 33. Qb5+ Kc8 34. Qb8+ Kd7 35. Qxf8 Qd3 36.
Qe7+ Kc8 37. Qe8+ 1-0

[Event "Early-Titled-Tuesday-Blitz-January-30-2024"]
[Site "Chess.com"]
[Date "2024.01.30"]
[Round "4"]
[White "dcann0n88"]
[Black "szefru"]
[Result "1-0"]
[WhiteElo "2447"]
[BlackElo "2273"]
[TimeControl "180+1"]
[EndTime "8:40:36 PST"]
[Termination "dcann0n88 won by resignation"]

1. d4 Nf6 2. c4 g6 3. Nc3 Bg7 4. e4 d6 5. Nf3 O-O 6. Be2 e5 7. d5 Nbd7 8. Qc2 a5 9. O-O Nc5 10. b3 Ne8 11. Nd2 f5 12. Bb2 f4 13. a3 h5 14. b4 Nd7 15. Nb5 Ndf6 16. c5 g5 17. Rac1 Rf7 18. cxd6 cxd6 19. bxa5 g4 20. g3 f3 21. Bd3 h4 22. Nc4 Bd7 23. Nbxd6 Nxd6 24. Nxd6 Ba4 25. Qxa4 Qxd6 26. Qb4 Qd8 27. Bxe5 Nxd5 28. exd5 Bxe5 29. Qxg4+ Bg7 30. d6 hxg3 31. hxg3 Qxa5 32. Bc4 Rf8 33. Bxf7+ Rxf7 34. Rc8+ Kh7 35. d7 Bf6 36.
Qg8+ Kh6 37. Qxf7 1-0

[Event "Early-Titled-Tuesday-Blitz-January-30-2024"]
[Site "Chess.com"]
[Date "2024.01.30"]
[Round "4"]
[White "Iball95"]
[Black "viktorgen2021"]
[Result "1-0"]
[WhiteElo "2785"]
[BlackElo "2568"]
[TimeControl "180+1"]
[EndTime "8:40:37 PST"]
[Termination "Iball95 won by resignation"]

1. e4 g6 2. d4 Bg7 3. Nf3 d6 4. Bc4 Nf6 5. Qe2 O-O 6. h3 c6 7. Nbd2 Qc7 8. O-O e5 9. c3 h6 10. Re1 Re8 11. dxe5 dxe5 12. a4 Nbd7 13. Nf1 Nc5 14.
Ng3 Be6 15. b4 Bxc4 16. Qxc4 Ne6 17. Be3 Nf4 18. Red1 Rad8 19. a5 g5 20. Bxa7 Rxd1+ 21. Rxd1 g4 22. hxg4 Nxg4 23. Bc5 Rd8 24. Qb3 Rd3 25.
Rxd3 Nxd3 26. Bb6 Qe7 27. Nf5 Qf6 28. Qd1 Nf4 29. g3 Ne6 30. Kg2 Bf8 31. Nh2 Nxh2 32.
Kxh2 Ng5 33. Qg4 Kh7 34. Be3 Ne6 35. Kg2 Qd8 36. Qh5 Qf6 37. Qd1 Nc7 38. Qd7 Nb5 39.
Qe8 Kg8 40. Bxh6 1-0

[Event "Early-Titled-Tuesday-Blitz-January-30-2024"]
[Site "Chess.com"]
[Date "2024.01.30"]
[Round "4"]
[White "ACollins05"]
[Black "Egor_Koshulyan"]
[Result "1-0"]
[WhiteElo "2472"]
[BlackElo "2636"]
[TimeControl "180+1"]
[EndTime "8:40:37 PST"]
[Termination "ACollins05 won by resignation"]

1. d4 Nf6 2. c4 e5 3. dxe5 Ng4 4. e4 Nxe5 5. f4 Ng6 6. Nc3 Nc6 7. Be3 Bb4 8. Ne2 Qe7 9. Qd3 f5 10. exf5 Nh4 11.
O-O-O Nxf5 12. Nd5 Qf7 13. Nxc7+ Kd8 14. Nxa8 Re8 15. Bf2 b5 16. Ng3 Nxg3 17. hxg3 Bb7 18. Nb6 axb6 19. Bxb6+ Kc8 20. cxb5 Na5 21. Bxa5 Bxa5 22.
Be2 Re4 23. Bf3 Rc4+ 24. Kb1 Bxf3 25. gxf3 Ra4 26. Qd5 Qg6+ 27. f5 Qf6 28. Qxd7+ Kb8 29. Qe8+ Kb7 30. Rd7+ Bc7 31. Rxc7+ Kxc7 32. b6+ Kxb6 33.
Qxa4 Qxf5+ 34. Qe4 Qc5 35. Rd1 g5 36. Qd4 g4 37.
fxg4 1-0

[Event "Early-Titled-Tuesday-Blitz-January-30-2024"]
[Site "Chess.com"]
[Date "2024.01.30"]
[Round "4"]
[White "deribas12345"]
[Black "Hikaru"]
[Result "0-1"]
[WhiteElo "2503"]
[BlackElo "3288"]
[TimeControl "180+1"]
[EndTime "8:40:38 PST"]
[Termination "Hikaru won on time"]

1. d4 g6 2. c4 Bg7 3. Nc3 c5 4. d5 Bxc3+ 5. bxc3 f5 6. Nf3 Qa5 7. Qb3 Nf6 8. e3 d6 9. Bd3 Nbd7 10. O-O Nb6 11. a4 Bd7 12. Ba3 Nxa4 13. Rfc1 Qc7 14. Ng5 O-O 15. Ne6 Bxe6 16. Qxa4 Bd7 17. Qc2 Rf7 18. f3 Raf8 19. Rcb1 b6 20. Bc1 e5 21. Bf1 g5 22. Qa2 Bc8 23. Bd2 f4 24. Rb2 Rg7 25.
Kh1 Rff7 26. Qb1 Qd8 27. Bd3 h5 28. Be1 fxe3 29. Qc1 e4 30. fxe4 Ng4 31. Kg1 h4 32.
h3 Ne5 33. Qxe3 g4 34. hxg4 Bxg4 35. Bf1 Rxf1+ 36. Kxf1 Nxc4 37. Qh6 Nxb2 38. Bxh4 Rf7+ 39. Kg1 Qf8 40. Qg6+ Qg7 41. Qxd6 Nd3 42. Qd8+ Kh7 43. d6 Ne5 0-1